 Dungeon Crawl Stone Soup version 0.29.1-12-g30fa7ad0bf (webtiles) character file.

Game seed: 13859496431236046844

30 daiconan the Trooper (level 3, -2/34 HPs)
             Began as a Minotaur Berserker on Jan 2, 2023.
             Was a Follower of Trog.
             Slain by an orc
             ... wielding a +0 hand axe
              (4 damage)
             ... on level 3 of the Dungeon.
             The game lasted 00:13:40 (2006 turns).

daiconan the Trooper (Minotaur Berserker)           Turns: 2006, Time: 00:13:40

Health: -2/34      AC:  2    Str: 23    XL:     3   Next: 3%
Magic:  2/2        EV: 12    Int:  4    God:    Trog [*.....]
Gold:   105        SH:  0    Dex:  9    Spells: 2/2 levels left

rFire   . . .      SeeInvis .   g - +1 short sword (flame)
rCold   . . .      Faith    .   o - orb {*Rage}
rNeg    . . .      Spirit   .   b - +0 animal skin
rPois   .          Reflect  .   (helmet restricted)
rElec   .          Harm     .   (no cloak)
rCorr   .          Rampage  .   (no gloves)
Will    .....      Rage     20% (no boots)
Stlth   +.........              (no amulet)
HPRegen 0.11/turn               (no ring)
MPRegen 0.08/turn               (no ring)

@: no status effects
A: horns 2, retaliatory headbutt
a: Renounce Religion, Berserk


You were on level 3 of the Dungeon.
You worshipped Trog.
Trog was aware of your devotion.
You visited 1 branch of the dungeon, and saw 3 of its levels.

You collected 105 gold pieces.

Inventory:

Hand Weapons
 a - a +0 mace
 d - a +0 club
 g - a +1 short sword of flaming (weapon)
 h - a +0 sling
 i - a +0 whip
 k - a +0 short sword
 l - a +0 club
 m - a +0 dagger
 r - a +0 sling
 x - a +0 short sword
 D - a +0 club
 E - a +0 dagger
 H - a +0 short sword
 I - a +0 dagger
 J - a +0 short sword
Missiles
 c - 30 stones (quivered)
 q - 5 poisoned darts
Armour
 b - a +0 animal skin (worn)
 f - a +0 robe
 j - a +0 ring mail
 n - a +0 leather armour
 o - an orb of wrath (worn)
 s - a +0 pair of boots
 t - a +0 leather armour
 v - a +0 ring mail
 y - a +0 scale mail
 B - a +0 ring mail
 C - a +0 robe
 K - a +0 scale mail
Magical Staves
 u - a staff of poison
Scrolls
 p - 4 scrolls of identify {unknown}
 F - a scroll of fear {unknown}
Potions
 e - a potion of heal wounds {unknown}
 w - a potion of flight {unknown}
 z - 2 potions of resistance {unknown}
 A - 2 potions of curing {unknown}
 G - a potion of lignification {unknown}


   Skills:
 + Level 4.3 Fighting
 + Level 4.0 Maces & Flails
 + Level 2.4 Armour
 + Level 2.8 Dodging


You had 2 spell levels left.
You didn't know any spells.
Your spell library contained the following spells:

 Spells                   Type           Power      Damage    Failure   Level
 Ensorcelled Hibernation  Hex/Ice        0%         N/A       65%         2
 Spider Form              Tmut/Pois      0%         N/A       86%         3
 Anguish                  Hex/Necr       0%         N/A       99%         4


Dungeon Overview and Level Annotations

Branches:
Dungeon (3/15)

Altars:


Innate Abilities, Weirdness & Mutations

You have a pair of horns on your head.
You reflexively headbutt those who attack you in melee.


Message History

The orc wizard is moderately wounded.
You recover from your berserk rage.
The orc wizard hits you but does no damage.
The orc hits you with a +0 flail.
You closely miss the orc wizard.
The orc wizard is moderately wounded.
The orc wizard hits you but does no damage.
The orc closely misses you. The orc barely misses you. You furiously retaliate!
You headbutt the orc.
You kill the orc!
Trog accepts your kill.
You have reached level 3!
Your experience leads to an increase in your attributes!
Increase (S)trength, (I)ntelligence, or (D)exterity?
Uppercase letters only, please.
You feel stronger. x2
Unknown command.
The orc hits you but does no damage. The orc hits you with a +0 flail.
You hit the orc wizard. You burn the orc wizard.
The orc wizard is heavily wounded.
The orc wizard hits you but does no damage.
The orc closely misses you. The orc hits you with a +0 hand axe. x2
* * * LOW HITPOINT WARNING * * *
The orc barely misses you.
The orc wizard casts a spell.
The orc wizard flickers and vanishes!
Deactivating autopickup; reactivate with Ctrl-A.
You hear some strange, mumbled words.
You are confused.
You bump into the rock wall.
Something hits you.
* * * LOW HITPOINT WARNING * * *
The orc barely misses you.
You bump into the rock wall.
The orc hits you with a +0 hand axe.
* * * LOW HITPOINT WARNING * * *
Something hits you but does no damage.
You feel less confused. The orc attacks as you move away!
The orc completely misses you. You furiously retaliate!
You headbutt the orc. The orc attacks as you move away!
The orc hits you with a +0 hand axe.
You die...

....... ....
#.#.#.#.#.# #.#........
#..#.#.#.#.#
#...........
########.#.#)#.#.#.
.........o........
#######o#.#.#.#.#.
#####....@oJ..........
.............#.#.#.#.#.
#####.#.#.###.........
...#.#.# #.#.#.#.#. ###
#<#.# ##........
........#.# .#.#.#.#
..#######.# #... #..
.#.#


You could see 3 orcs and an endoplasm.

Vanquished Creatures
  An orc (D:3)
  2 ball pythons
  2 endoplasms (D:1)
  3 giant cockroaches
  5 goblins
  2 hobgoblins
  A quokka (D:2)
  4 kobolds
  5 rats
25 creatures vanquished.

Vanquished Creatures (others)
  9 fungi (D:1)
  2 plants (D:1)
11 creatures vanquished.

Grand Total: 36 creatures vanquished

Notes
Turn   | Place    | Note
-------+----------+-------------------------------------------
     0 | D:1      | daiconan the Minotaur Berserker began the quest for the
                  | Orb.
     0 | D:1      | Reached XP level 1. HP: 19/19 MP: 0/0
   307 | D:1      | Found a faded altar of an unknown god.
   487 | D:1      | Reached XP level 2. HP: 11/27 MP: 1/1
  1993 | D:3      | Reached XP level 3. HP: 20/34 MP: 2/2
  2006 | D:3      | Slain by an orc

Illustrated notes

Levels and vault maps discovered:
D:1:      lemuel_arrival_hallway, layout_rooms,
          dreamdust_ecumenical_altar_hidden_monk_grotto
D:2:      layout_loops_ring
D:3:      layout_loops_ring, lemuel_coloured_pillars_altar,
          gammafunk_ghost_stat_death, hex_large

Skill      XL: |  1  2 |
---------------+-------+-----
Fighting       | 4 |  4.3
Maces & Flails | 4 |  4.0
Armour         | |  2.4
Dodging        | |  2.8

Action                   || total
-------------------------++-------
Melee: Mace              ||    83
       Headbutt          ||    21
       Short sword       ||    10
Throw: Stone             ||     3
Invok: Berserk           ||     1
Armor: Animal skin       ||    11
Dodge: Dodged            ||    50
